Cogmind - Beta 14 @@@ ROGUE MODE // 2025.01.01 @ 19:36:20 Player: mehbark Result: Destroyed by as-84971 with Assembled Heavy Rifle Performance ------------- Evolutions (0) 0 Regions Visited (2) 400 Robots Destroyed (12) 60 Value Destroyed (229) 229 Prototype IDs (0) 0 Alien Tech Used (0) 0 Bonus (0) 0 TOTAL SCORE: 689 Bonus ------- None Cogmind --------- Core Integrity 0/250 Matter 300/300 Energy 100/100 System Corruption 3% Temperature Cool (2) Movement Flying (40) Location -10/Mines Parts ------- > --- POWER (1) -------- (None) > --- PROPULSION (2) --- Flight Unit > --- UTILITY (2) ------ (None) > --- WEAPON (2) ------- (None) > --- INVENTORY (5) ---- Light Ion Engine Flight Unit Flight Unit Particle Gun Peak State ------------ > --- POWER ------------ Light Ion Engine > --- PROPULSION ------- Light Treads Light Treads > --- UTILITY ---------- Heat Sink Small Storage Unit > --- WEAPON ----------- Assault Rifle Light Assault Rifle > --- INVENTORY -------- Ion Engine Aluminum Leg Aluminum Leg Compact Wheel Compact Wheel Heat Sink EM Pulse Gun [Rating: 7] Favorites ----------- Power Light Ion Engine Engine Light Ion Engine Propulsion Light Treads Treads Light Treads Hover Unit Hover Unit Flight Unit Flight Unit Utility Small Storage Unit Device Heat Sink Storage Small Storage Unit Protection Light Armor Plating Weapon Light Assault Rifle Energy Gun EM Pulse Gun Ballistic Gun Light Assault Rifle Special Weapon Mining Laser Build | -11 -10 -10 ------- Run | Yrd Mat Min Slots Evolved . | . . . Power . | . . . Propulsion . | . . . Utility . | . . . Weapon . | . . . Parts Attached 25 | 6 10 9 Power 4 | 1 2 1 Engine 4 | 1 2 1 Core . | . . . Reactor . | . . . Propulsion 12 | 2 5 5 Treads 2 | 2 . . Leg . | . . . Wheel . | . . . Hover 1 | . . 1 Flight 9 | . 5 4 Utility 4 | 1 2 1 Device 1 | . 1 . Storage 2 | 1 1 . Processor . | . . . Hackware . | . . . Protection 1 | . . 1 Artifact . | . . . Weapon 5 | 2 1 2 Energy Gun 1 | . . 1 Energy Cannon . | . . . Ballistic Gun 3 | 2 1 . Ballistic Cannon . | . . . Launcher . | . . . Special Weapon 1 | . . 1 Impact Weapon . | . . . Slashing Weapon . | . . . Piercing Weapon . | . . . Special Melee Weapon . | . . . Unidentified Prototypes . | . . . Parts Lost 6 | . 2 4 Power 1 | . . 1 Propulsion 3 | . 2 1 Utility 1 | . . 1 Weapon 1 | . . 1 Highest Loss Streak 4 | . 2 4 To Critical Strikes . | . . . Average Slot Usage (%) 79 | . 85 74 Engine 14 | . 14 14 Treads 8 | . 18 . Flight 17 | . 7 27 Device 3 | . 6 . Storage 5 | . 10 . Protection 6 | . . 12 Energy Gun 3 | . . 6 Ballistic Gun 17 | . 27 8 Special Weapon 2 | . . 5 Peak Build Rating 7 | 6 7 6 Average Rating 5 | 5 6 5 On Entrance 3 | . 6 5 Naked Turns . | . . . Heaviest Build 12 | 11 12 8 Greatest Support 40 | 40 40 8 Greatest Overweight (x) 3 | 2 3 1 Average Overweight (x) . | . . . Largest Inventory Capacity 8 | 8 8 5 Average Capacity 7 | 7 7 5 Most Carried 8 | 8 8 5 Average Carried 5 | 5 6 4 Final Capacity 8 | 8 5 5 Final Carried 6 | 6 5 4 Class Distribution -------------------- 100% | Mutant Dominant Class ---------------- Mutant | -10/Materials Mutant | -10/Mines Resources | -11 -10 -10 ----------- Run | Yrd Mat Min Matter Collected 496 | 255 85 156 Remotely . | . . . Salvage Created 304 | . 162 142 Parts 26 | . 16 10 Haulers Intercepted . | . . . Recyclers Shooed . | . . . Parts Field Recycled . | . . . Retrieved Matter . | . . . Parts Self-Destructed . | . . . Prevented . | . . . Kills | -11 -10 -10 ------- Run | Yrd Mat Min Combat Hostiles Destroyed 12 | . 7 5 Melee 1 | . 1 . Guns 11 | . 6 5 Classes Destroyed 2 | . 2 . Swarmer 8 | . 5 3 Grunt 4 | . 2 2 Best Kill Streak 3 | . 3 3 Combat Bots Only 3 | . 3 3 Max Kills in Single Turn 1 | . 1 1 Gunslinging . | . . . Exploded . | . . . Melee 1 | . 1 . Uniques/NPCs Destroyed . | . . . Combat | -11 -10 -10 -------- Run | Yrd Mat Min Hostile Shots Fired 94 | . 33 61 Missed 41 | . 13 28 Damage Taken 627 | . 169 458 Core 251 | . 41 210 Absorbed by Shields . | . . . Core Remaining (%) 100 | 100 . . Volleys Fired 43 | . 18 25 Largest 2 | . 2 1 Hottest 40 | . 40 40 Shots Fired 61 | . 36 25 Gun 61 | . 36 25 Cannon . | . . . Launcher . | . . . Special . | . . . Kinetic 46 | . 36 10 Thermal . | . . . Explosive . | . . . Electromagnetic 15 | . . 15 Robot Hit Streak 5 | . 4 5 Robot Miss Streak 3 | . 3 3 Penetration Max . | . . . Secondary Targets 2 | . 2 . Max Gunslinging Chain 1 | . 1 . Shots Hit Robots 31 | . 16 15 Core Hits 17 | . 7 10 Critical Kills . | . . . Critical Parts Destroyed . | . . . Critical Strikes . | . . . Melee Attacks . | . . . Impact . | . . . Slashing . | . . . Piercing . | . . . Sneak Attacks . | . . . Combat Hostiles . | . . . Follow-up Attacks . | . . . Damage Inflicted 375 | . 167 208 Guns 371 | . 163 208 Cannons . | . . . Explosions . | . . . Melee . | . . . Ramming 4 | . 4 . Kinetic 218 | . 163 55 Thermal . | . . . Explosive . | . . . Electromagnetic 153 | . . 153 Impact . | . . . Slashing . | . . . Piercing . | . . . Highest Corruption 3 | . . 3 Average Corruption 3 | . . 3 Corruption Purged . | . . . Corruption Blocked . | . . . Overload Shots . | . . . Overflow Damage . | . . . Projectiles . | . . . Explosions . | . . . Melee . | . . . Knockbacks . | . . . Impact . | . . . Kinetic . | . . . Secondary . | . . . Self-Inflicted Damage . | . . . Shots . | . . . Rammed 1 | . 1 . Targets Rammed 2 | . 2 . Kicked . | . . . Crushed 1 | . 1 . Highest Temperature 99 | . 8 99 Average Temperature 26 | . 4 33 Received Heat Transfer 144 | . 24 120 Siege Activations . | . . . Robots Corrupted . | . . . Combat Hostiles . | . . . Parts Fried . | . . . Impact Corruptions . | . . . Robots Melted . | . . . Combat Hostiles . | . . . Parts Melted . | . . . Heat Transferred . | . . . Parts Sabotaged . | . . . Parts Stolen . | . . . Parts Stripped . | . . . Power Chain Reactions . | . . . Alert | -11 -10 -10 ------- Run | Yrd Mat Min Peak Influence 223 | . 190 223 Initial 73 | . . 73 Average 31 | . 79 138 Maximum Alert Level 1 | . . 1 Low Security (%) 99 | 100 100 94 Level 1 . | . . 5 Level 2 . | . . . Level 3 . | . . . Level 4 . | . . . Level 5 . | . . . High Security . | . . . Max Security . | . . . Squads Dispatched 1 | . 1 . Investigation . | . . . Extermination . | . . . Reinforcement 1 | . 1 . Assault . | . . . Garrison . | . . . Intercept . | . . . Searches Triggered . | . . . Construction Impeded . | . . . Haulers Reinforced . | . . . Active Scanning Responses . | . . . Cargo Convoy Interrupts . | . . . Stealth | -11 -10 -10 --------- Run | Yrd Mat Min Distress Signals 1 | . 1 . Communications Jammed . | . . . Distress Signals . | . . . Times Spotted 44 | . 10 34 Peak Tracking Total 20 | . 3 20 Tactical Retreats 3 | . . 3 Traps | -11 -10 -10 ------- Run | Yrd Mat Min Traps Triggered . | . . . Indirectly . | . . . Trap Hack Attempts . | . . . Triggered . | . . . Disarmed . | . . . Reprogrammed . | . . . Reused . | . . . Traps Extracted . | . . . Installed . | . . . Triggered . | . . . Machines | -11 -10 -10 ---------- Run | Yrd Mat Min Machines Disabled . | . . . Max in Single Turn . | . . . Machines Repaired . | . . . Machines Dismantled . | . . . Machines Sabotaged . | . . . Overloaded Fab Kills . | . . . Hacking | -11 -10 -10 --------- Run | Yrd Mat Min Machines Accessed . | . . . Terminals . | . . . Fabricators . | . . . Repair Stations . | . . . Recycling Units . | . . . Scanalyzers . | . . . Garrison Access . | . . . Total Hacks . | . . . Successful . | . . . Failed . | . . . Catastrophic . | . . . Database Lockouts . | . . . Manual . | . . . Terminals . | . . . Fabricators . | . . . Repair Stations . | . . . Recycling Units . | . . . Scanalyzers . | . . . Garrison Access . | . . . Terminal Hacks . | . . . Fabricator Hacks . | . . . Repair Station Hacks . | . . . Recycling Unit Hacks . | . . . Scanalyzer . | . . . Garrison Access Hacks . | . . . Unauthorized Hacks . | . . . Terminals . | . . . Fabricators . | . . . Repair Stations . | . . . Recycling Units . | . . . Scanalyzers . | . . . Garrison Access . | . . . Data Cores Recovered . | . . . Used . | . . . Hacking Detections . | . . . Full Trace Events . | . . . Feedback Events . | . . . Feedback Blocked . | . . . Robot Schematics Acquired . | . . . Robots Built . | . . . Authchips . | . . . Time . | . . . Total Robot Build Rating . | . . . Part Schematics Acquired . | . . . Parts Built . | . . . Authchips . | . . . Time . | . . . Total Part Build Rating . | . . . Parts Repaired . | . . . Time . | . . . Parts Recycled . | . . . Recycled Matter . | . . . Retrieved Matter . | . . . Retrieved Components . | . . . Parts Scanalyzed . | . . . Part Schematics Acquired . | . . . Parts Damaged . | . . . Bothacking | -11 -10 -10 ------------ Run | Yrd Mat Min Used RIF Installer . | . . . Robots Hacked . | . . . Non-combat . | . . . Combat . | . . . Robot Hacks Applied . | . . . Relay Couplers Released . | . . . Fabnet Peak Effective % . | . . . Robots Rewired . | . . . Allies Hacked . | . . . Hacks Repelled . | . . . Allies | -11 -10 -10 -------- Run | Yrd Mat Min Total Allies 1 | . . 1 Largest Group 1 | . . 1 Highest-Rated Group 16 | . . 16 Highest-Rated Ally 16 | . . 16 Total Orders 5 | . . 5 STAY 1 | . . 1 GUARD 3 | . . 3 AID 1 | . . 1 Ally Attacks 2 | . . 2 Total Damage 29 | . . 29 Kills . | . . . Allies Corrupted . | . . . Allies Melted . | . . . Intel | -11 -10 -10 ------- Run | Yrd Mat Min Robot Analysis Total . | . . . Derelict Logs Recovered 2 | . . 2 Drone Launches . | . . . Drone Recoveries . | . . . Exploration | -11 -10 -10 ------------- Run | Yrd Mat Min Turns Passed 1905 | 1362 265 278 Spaces Moved 1113 | 424 173 516 Core 82 | 75 6 1 Treads 429 | 349 80 . Legs . | . . . Wheels . | . . . Hover . | . . . Flight 602 | . 87 515 Fastest Speed 37 | 50 37 37 Average Speed 87 | 143 99 37 Slowest Speed 200 | 160 200 100 Overloaded Moves . | . . . Propulsion Burnouts . | . . . Robots Hopped 5 | . 1 4 Cave-ins Triggered . | . . . Exploration Rate (%) 29 | 25 21 43 Regions Visited 2 Branch Regions 1 Pre-discovered Areas 1 | . . 1 Known Exits Taken . | . . . Unknown Exits Taken 2 | 1 1 . Scrap Searched 1 | . . 1 Spaces Dug . | . . . Terrain Destroyed . | . . . Melee . | . . . Projectile . | . . . AOE . | . . . Terrain Rammed . | . . . Walls Destroyed . | . . . Machines Disabled . | . . . Actions | -11 -10 -10 --------- Run | Yrd Mat Min Total 1998 | 1178 238 582 Wait 750 | 737 8 5 Move 1102 | 423 170 509 Hop 4 | . 1 3 Pick Up 41 | 12 14 15 Fast Attach . | . . . Attach 18 | 6 6 6 Detach 4 | . 3 1 Swap 7 | . 4 3 Drop 27 | . 12 15 Fire 43 | . 18 25 Melee . | . . . Ram . | . . . Kick . | . . . Crush 2 | . 2 . Escape Stasis . | . . . Rewire . | . . . Trap . | . . . Miscellaneous . | . . . Route ------- -11/Scrapyard -10/Materials -10/Mines History --------- Turn | Location | Event 3 | -11/Scrapyard | Discovered new exit (range 15) 1363 | -11/Scrapyard | Entered Materials 1364 | -10/Materials | Build established: Mutant 1612 | -10/Materials | Discovered new exit (range 15) 1628 | -10/Materials | Entered Mines 1631 | -10/Mines | Found DCF Scrap (13 items) 1756 | -10/Mines | Learned Materials security intel 1762 | -10/Mines | Learned location of Storage (-9) 1796 | -10/Mines | Assisted by bots powering up and referring to "LRC-V3" 1803 | -10/Mines | Assembled infested the area 1899 | -10/Mines | Core integrity fell below 50% 1902 | -10/Mines | Core integrity fell below 20% 1906 | -10/Mines | Destroyed by as-84971 with Assembled Heavy Rifle Last Messages --------------- global achievement rates displayed by Steam are all significantly underreported, in some cases by a huge margin, due to how they are calculated by Valve. Dropped Lgt. Assault Rifle. Acquired Flight Unit. Dropped Lgt. Ion Engine. Acquired Ion Engine. Dropped Ion Engine. Acquired Lgt. Ion Engine. Acquired 10 matter. Flight Unit severed. Lgt. Armor Plating destroyed. as-33968 destroyed. Acquired 10 matter. Lgt. Ion Engine destroyed. EM Pulse Gun destroyed. Flight Unit destroyed. System corrupted by crushing effect (+3). Knocked back. Map ----- +----------------------------------------------------+ | ????????????????????????????????????#% [ #??????? | | ???????????????????????#####????????# *## #####??? | | ??????????????????????## ##??????## =## ! *#??? | | ??????????????????????# #####??# #####!#??? | | ??????????????????????# #### #???#]#??? | | ???????????????????????# ### #???#%#??? | | ???????????????????????# """ ### #???# #??? | | ????????????????????????# """ ### #???#|#??? | | ????????????????????????# """ ## #???# #??? | | ???????????????????????## ## ##???#*#??? | | ??????????????????????## ### ## ##??##=#??? | | ??????????????????????# ##?# ### ####* #### | | ??????????????????????# ##??# #?# ##*= ## | | ??????????????????????# ##???# ### | | | ??????????????????????# #????# ## """ | | ??????????????????????# #????# # ### """ | | ??????????????????????# #??### ##?# """ | | ??????????????????????# #?## ## #??## | | ??????????????????????## #?# ## #???## # | | ???????????????????????####?# ## #????## ## | | #####?????#####?????????????## ##?????####? | | #?????#*% #??????????????# """ #?????####?? | | ### #?????#% #??????????????# """ #######% #?? | | ??#%####### #??????????????## """ =%! #?? | | ??# ################## !|%#??? | | ??# [ ## @ ### ## ########??? | | ??####### a a ####### #?????????? | | ????????## ####### aaa = #?????????? | | ?????????## #?????# aaa % #?????????? | | ??????????# ##?????#############?????????? | | ??????????## #####????????????????????????????? | | ???????????######????????????????????????????????? | | ?????????????????????????????????????????????????? | | ?????????????????????????????????????????????????? | | | | | | | | | | | | | | | | | | | | | | | | | | | | | | | | | +----------------------------------------------------+ Best States ------------- Heat Dissipation 35 Energy Generation 10 Energy Capacity 250 Matter Stores 300 Matter Capacity 300 Sight Range 16 Terrain Scan Density 10 Armor Coverage 150 Evasion (%) 62 Recoil Reduction 2 Item Schematics ----------------- None Robot Schematics ------------------ None Fabricated ------------ Nothing Alien Tech Used ----------------- None Achievements -------------- Hunted Slippery One Challenges ------------ None Game ------ Seed LaserNeutrinoBlaster Manual? 0 Play Time 00:20:10 Cumulative 1.9 hours Start 2025.01.01 @ 19:14:04 End 2025.01.01 @ 19:36:20 Sessions 1 Manual Loads 0 Difficulty Rogue Special Mode None Game No. 4 Rogue 4 Adventurer 0 Explorer 0 Win Type - Total 0 Types 0/0/0/0/0/0/0/0/0 Lore% 2 Gallery% 4 Achievement% 5 Wizard Run 0 Options --------- Layout 1 ASCII 0 Keyboard 0 Movement Vi Keybinds 0 Fullscreen 1 Font 24/Smallcaps Map View 50x35 Zoom Use 0% Tactical HUD 0 Map Filters NONE Filters NONE Steam 1 RUN: 795c27e6-64a2-4897-8b61-b2ae984eb863